 Dungeon Crawl Stone Soup version 0.24.0-1-gfbc8707122 (webtiles) character file.

Game seed: 11259653602107288716, levelgen mode: deterministic

2782 mortelune the Arsonist (level 9, -5/47 HPs)
             Began as a Deep Elf Fire Elementalist on Oct 26, 2019.
             Slain by a tengu warrior
             ... wielding a +2 bardiche of freezing
             ... led by a tengu conjurer
              (12 damage)
             ... on level 8 of the Dungeon.
             The game lasted 00:20:57 (10163 turns).

mortelune the Arsonist (DEFE)                      Turns: 10163, Time: 00:20:57

Health: -5/47      AC:  3    Str: 11    XL:     9   Next: 43%
Magic:  8/22       EV: 16    Int: 21    God:
Gold:   516        SH:  0    Dex: 15    Spells: 7/22 levels left

rFire    . . .     SeeInvis .   p - +8 quarterstaff of Might {freeze, Str+3}
rCold    . . .     Gourm    .   (shield currently unavailable)
rNeg     . . .     Faith    .   a - +0 robe
rPois    .         Spirit   .   k - +0 helmet
rElec    .         Reflect  .   (no cloak)
rCorr    .         Harm     .   (no gloves)
MR       .....                  (no boots)
Stlth    ++........             (no amulet)
HPRegen  0.15/turn              (no ring)
MPRegen  0.18/turn              (no ring)

@: invisible
A: no striking features
a: no special abilities


You were on level 8 of the Dungeon.
You were not hungry.

You visited 2 branches of the dungeon, and saw 9 of its levels.
You also visited: Sewer.

You collected 516 gold pieces.

Inventory:

Hand Weapons
 d - a +0 dagger
 h - a +0 whip
 p - the +8 quarterstaff of Might (weapon) {freeze, Str+3}
   (You found it on level 4 of the Dungeon)

   It has been specially enchanted to freeze those struck by it, causing extra
   injury to most foes and up to half again as much damage against particularly
   susceptible opponents.
   It can also slow down cold-blooded creatures.
   It affects your strength (+3).
Armour
 a - a +0 robe (worn)
 k - a +0 helmet (worn)
Jewellery
 D - an uncursed ring of wizardry {unknown}
Wands
 m - a wand of polymorph (6)
Scrolls
 e - a scroll of noise
 j - 3 scrolls of remove curse
 n - 2 scrolls of fear {unknown}
 o - a scroll of magic mapping {unknown}
 q - 3 scrolls of identify
 s - 4 scrolls of teleportation {unknown}
 u - a scroll of holy word {unknown}
 v - a scroll of fog {unknown}
 x - a scroll of immolation {unknown}
 y - a scroll of brand weapon {unknown}
 A - a scroll of enchant armour {unknown}
 B - a scroll of amnesia {unknown}
Potions
 b - a potion of agility
 f - 2 potions of flight
 g - 6 potions of curing
 i - 2 potions of degeneration {unknown}
 l - 3 potions of berserk rage
 r - a potion of invisibility
 t - a potion of brilliance {unknown}
 w - a potion of resistance {unknown}
 z - a potion of cancellation {unknown}
Comestibles
 c - 13 rations
 C - 3 chunks of flesh


   Skills:
 + Level 1.1 Fighting
 - Level 3.0 Staves
 + Level 6.6 Dodging
 - Level 2.4 Stealth
 + Level 7.4 Spellcasting
 * Level 7.8 Conjurations
 * Level 8.5 Fire Magic


You had 7 spell levels left.
You knew the following spells:

 Your Spells              Type           Power        Failure   Level  Hunger
a - Flame Tongue          Conj/Fire      #####        1%          1    None
b - Throw Flame           Conj/Fire      #####.       1%          2    None
c - Conjure Flame         Conj/Fire      #####...     1%          3    None
d - Sticky Flame          Conj/Fire      #####...     3%          4    ###....
e - Fireball              Conj/Fire      #####.....   9%          5    #####..

Your spell library contained the following spells:

 Spells                   Type           Power        Failure   Level  Hunger
 Inner Flame              Hex/Fire       ####....     4%          3    None


Dungeon Overview and Level Annotations

Branches:
Dungeon (8/15)             Temple (1/1) D:7           Sewer (visited)
   Lair: D:8-11

Altars:
Ashenzari
Cheibriados
Dithmenos
Elyvilon
Fedhas
Gozag
Hepliaklqana
Makhleb
Nemelex Xobeh
Okawaru
Qazlal
Ru
Trog
Uskayaw
Wu Jian
Xom
Yredelemnul
Zin
The Shining One


Message History

The tengu conjurer casts a spell at you.
The bolt of magma misses you.
The battlesphere fires!
The barrage of energy hits you!
The battlesphere is engulfed in blazing flames.
The battlesphere is engulfed in blazing flames.
The battlesphere is engulfed in blazing flames. x2
Casting: Flame Tongue (safe; 1% risk of failure)
Confirm with . or Enter, or press ? or * to list all spells.
Aiming: Conjure Flame (safe; 1% risk of failure)
Press: ? - help, Dir - move target cursor The fire ignites!
The tengu warrior hits you from afar with a +2 bardiche of freezing!!
Ouch! That really hurt!
The tengu warrior freezes you!
* * * LOW HITPOINT WARNING * * *
The tengu warrior is engulfed in blazing flames.
Okay, then.
You fade into invisibility!
The tengu warrior hits you from afar with a +2 bardiche of freezing!
You die...

### ## #.# ####. #>###### .....
#......# ####. ######### #.##...#
..... ...Q....# #.##...# .###.
..#####.##########.##...# .....
...###..##....Q.@..#....# .....
....#.#.##.#########..#.### #####
..###.#Q##.#.....................
..#..##..#.#.#...........### ####
...........#.###.####.##.# #
#####....#.#..........##.# #
######.#####.#######.# # #.#
#.#....##.##### # #..
#.............####


You could see a tengu warrior.

Vanquished Creatures
  Pikel (D:6)
  Grinder (D:4)
  A spriggan (D:7)
  Edmund (D:6)
  A water moccasin (D:6)
  A necrophage (D:3)
  4 ogres
  A phantom (D:4)
  A centaur (D:8)
  A big kobold (D:6)
  A bullfrog (D:6)
  A scorpion (D:5)
  A howler monkey (D:6)
  3 crimson imps
  A bullfrog zombie (D:8)
  3 hounds
  2 iguanas
  4 orc wizards
  8 worker ants
  Terence (D:2)
  3 hound skeletons
  10 gnolls
  6 adders
  5 oozes
  An adder skeleton (D:6)
  2 adder zombies
  4 worms
  2 dart slugs
  7 leopard geckos
  12 orcs
  3 ball pythons
  15 bats
  3 giant cockroaches
  10 goblins
  8 hobgoblins
  15 jackals
  A quokka (D:3)
  9 frilled lizards
  12 kobolds
  2 leopard gecko skeletons
  9 rats
177 creatures vanquished.

Vanquished Creatures (others)
  A bullfrog zombie (D:6)
  An adder (D:6)
2 creatures vanquished.

Grand Total: 179 creatures vanquished

Notes
Turn   | Place    | Note
-------+----------+-------------------------------------------
     0 | D:1      | mortelune the Deep Elf Fire Elementalist began the quest
                  | for the Orb.
     0 | D:1      | Reached XP level 1. HP: 10/10 MP: 6/6
   248 | D:1      | Reached XP level 2. HP: 15/15 MP: 4/8
   573 | D:1      | Learned a level 2 spell: Throw Flame
   929 | D:2      | Reached XP level 3. HP: 16/19 MP: 3/9
   934 | D:2      | Learned a level 3 spell: Conjure Flame
  1222 | D:2      | Reached skill level 4 in Fire Magic
  1393 | D:2      | Reached XP level 4. HP: 24/24 MP: 1/11
  1679 | D:2      | Noticed Terence
  1704 | D:2      | Killed Terence
  2014 | D:2      | Found an ancient bone altar of Kikubaaqudgha.
  2016 | D:2      | Found a glowing golden altar of the Shining One.
  2016 | D:2      | Found a bloodstained altar of Trog.
  2018 | D:2      | Found a shimmering altar of Xom.
  2018 | D:2      | Found a shimmering altar of Xom.
  2018 | D:2      | Found a shadowy altar of Dithmenos.
  2090 | D:3      | Learned a level 4 spell: Sticky Flame
  2229 | D:3      | Noticed a necrophage
  2236 | D:3      | Killed a necrophage
  2236 | D:3      | Reached XP level 5. HP: 28/28 MP: 3/13
  2628 | D:3      | Reached skill level 5 in Fire Magic
  2824 | D:2      | Reached XP level 6. HP: 32/32 MP: 3/14
  3527 | D:4      | Noticed Grinder
  3534 | D:4      | Killed Grinder
  3534 | D:4      | Reached skill level 5 in Spellcasting
  3534 | D:4      | Reached XP level 7. HP: 21/36 MP: 3/16
  3713 | D:4      | Reached skill level 5 in Conjurations
  3713 | D:4      | Reached skill level 6 in Fire Magic
  4096 | D:4      | Got a pitted quarterstaff
  4097 | D:4      | Identified the +8 quarterstaff of Might {freeze, Str+3}
                  | (You found it on level 4 of the Dungeon)
  5051 | D:5      | Entered Level 5 of the Dungeon
  5073 | D:5      | Found a blossoming altar of Fedhas.
  5104 | D:5      | Found a glowing drain.
  5118 | Sewer    | Entered a sewer
  5818 | Sewer    | Reached skill level 1 in Staves
  6128 | D:5      | Learned a level 5 spell: Fireball
  6146 | D:5      | Reached skill level 5 in Dodging
  6146 | D:5      | Reached XP level 8. HP: 41/41 MP: 10/18
  6940 | D:6      | Noticed Edmund
  6950 | D:6      | Killed Edmund
  6950 | D:6      | Reached skill level 7 in Fire Magic
  7381 | D:6      | You fall into a shaft and drop 1 floor!
  8024 | D:6      | Noticed Pikel
  8057 | D:6      | Killed Pikel
  8057 | D:6      | Reached XP level 9. HP: 45/45 MP: 0/21
  8384 | D:6      | Found a faded altar of an unknown god.
  8384 | D:6      | Found an ornate altar of the Wu Jian Council.
  8389 | D:6      | Found a snail-covered altar of Cheibriados.
  8391 | D:6      | Found a shadowy altar of Dithmenos.
  8392 | D:6      | Found a blossoming altar of Fedhas.
  8608 | D:7      | Reached skill level 8 in Fire Magic
  9006 | D:7      | Found a staircase to the Ecumenical Temple.
  9015 | Temple   | Entered the Ecumenical Temple
  9073 | D:7      | Found a glowing silver altar of Zin.
  9545 | D:7      | Found a burning altar of Makhleb.
  9588 | D:8      | Noticed a two-headed ogre
  9896 | D:8      | Reached skill level 1 in Fighting
 10095 | D:8      | Noticed a tengu warrior
 10098 | D:8      | Noticed a tengu conjurer
 10163 | D:8      | Slain by a tengu warrior

Levels and vault maps discovered:
D:1:      ebering_trefoil_twist, layout_basic, minivault_23,
          minmay_stone_trees_small, minmay_statues_item
D:2:      layout_basic, doesnt_xom_only_xom, grunt_ministairs_3,
          kennysheep_generic_room_12, uniq_terence
D:3:      layout_loops_cross, grunt_decor_fettered
D:4:      layout_layer_cave, uniq_grinder
D:5:      layout_loops_cross, basic_altar, portal_sewer_entry_f, first_ration
D:6:      layout_layer_cave, chequers_temple_overflow_minitemple, uniq_edmund,
          uniq_pikel
D:7:      layout_rooms, lemuel_round_altar, makhleb_grotto_becter,
          minmay_temple_entry_overgrown, the_bakery
D:8:      layout_basic, tso_oasis_becter, minmay_misc_feat_square,
          uniq_prince_ribbit1
Temple:   minmay_freezing_vapour_temple

Skill      XL: |  1  2  3  4  5  6  7  8  9 |
---------------+----------------------------+-----
Conjurations   | 2 3 4 5 7 |  7.8
Fire Magic     | 4 5 6 7 8 |  8.5
Dodging        | 3 4 5 6 |  6.6
Spellcasting   | 4 5 6 7 |  7.4
Staves         | 1 2 3 |  3.0
Fighting       | 1 |  1.1
Stealth        | |  2.4

Action                   |  1- 3 |  4- 6 |  7- 9 || total
-------------------------+-------+-------+-------++-------
Melee: Quarterstaff      |       |       |    17 ||    17
 Cast: Flame Tongue      |    49 |    53 |    88 ||   190
       Throw Flame       |    10 |    49 |   121 ||   180
       Sticky Flame      |       |     4 |    10 ||    14
       Conjure Flame     |       |       |     4 ||     4
       Fireball          |       |       |     7 ||     7
Evoke: Wand              |       |       |     1 ||     1
  Use: Scroll            |       |     4 |     3 ||     7
       Potion            |       |       |     3 ||     3
 Stab: Sleeping          |       |       |     1 ||     1
  Eat: Chunk             |     2 |     8 |    17 ||    27
       Ration            |       |       |     2 ||     2
Armor: Robe              |     1 |     3 |     7 ||    11
Dodge: Dodged            |    16 |    13 |    54 ||    83
